 Dungeon Crawl Stone Soup version 0.28-a0-519-gbfeecf2fc5 (webtiles) character file.

Game seed: 1008060536988116076

3153 siradein the Skirmisher (level 9, 0/71 HPs)
             Began as a Demonspawn Gladiator on Sept 24, 2021.
             Was an Initiate of Gozag.
             Slain by a wolf (8 damage)
             ... led by Grum
             ... on level 7 of the Dungeon.
             The game lasted 00:16:34 (9809 turns).

siradein the Skirmisher (Demonspawn Gladiator)      Turns: 9809, Time: 00:16:34

Health: 0/71       AC: 15    Str: 17    XL:     9   Next: 62%
Magic:  9/9        EV:  9    Int: 13    God:    Gozag
Gold:   463        SH:  0    Dex: 15    Spells: 8/8 levels left

rFire   . . .      SeeInvis +   K - +2 halberd
rCold   . . .      Faith    .   (shield currently unavailable)
rNeg    . . .      Spirit   .   f - +0 chain mail
rPois   .          Reflect  .   l - +2 helmet {Int+3}
rElec   .          Harm     .   y - +0 cloak
rCorr   .          Rampage  .   (no gloves)
Will    .....                   (no boots)
Stlth   ..........              (no amulet)
HPRegen 0.21/turn               z - ring of see invisible
MPRegen 0.11/turn               (no ring)

@: gold aura
A: talons 2, molten scales 2, powered by death 1, powered by pain 2
a: Renounce Religion, Potion Petition, Call Merchant, Bribe Branch


You were on level 7 of the Dungeon.
You worshipped Gozag.
Gozag was aware of your devotion.
You visited 2 branches of the dungeon, and saw 9 of its levels.

You collected 554 gold pieces.
You paid 91 gold pieces to Gozag.

Inventory:

Hand Weapons
 a - a +0 trident
 e - a +0 hunting sling
 K - a +2 halberd (weapon)
Missiles
 d - 3 throwing nets
 g - 120 stones
 h - 4 javelins
 i - 35 poisoned darts (quivered)
 B - 3 boomerangs
Armour
 f - a +0 chain mail (worn)
 l - a +2 helmet of intelligence (worn)
 y - a +0 cloak (worn)
Jewellery
 r - a ring of wizardry
 z - a ring of see invisible (left hand)
Wands
 u - a wand of acid (6)
 I - a wand of flame (16)
Scrolls
 b - 2 scrolls of teleportation
 c - 2 scrolls of vulnerability
 m - a scroll of blinking {unknown}
 p - 3 scrolls of immolation {unknown}
 s - a scroll of acquirement {unknown}
 w - 2 scrolls of enchant weapon {unknown}
 x - 2 scrolls of amnesia {unknown}
 C - 3 scrolls of fog {unknown}
 G - a scroll of noise {unknown}
 J - a scroll of magic mapping {unknown}
Potions
 j - a potion of flight
 k - 2 potions of resistance
 n - a potion of might {unknown}
 o - a potion of invisibility {unknown}
 q - a potion of curing {unknown}
 t - 2 potions of haste {unknown}
 v - 3 potions of ambrosia {unknown}
 A - a potion of lignification {unknown}
 D - a potion of heal wounds {unknown}
 E - a potion of mutation {unknown}
 F - a potion of magic {unknown}
 H - a potion of brilliance {unknown}


   Skills:
 + Level 6.8 Fighting
 + Level 6.5 Polearms
 + Level 6.1 Throwing
 + Level 2.1 Armour
 + Level 6.6 Dodging
 + Level 2.3 Evocations


You had 8 spell levels left.
You didn't know any spells.
Your spell library contained the following spells:

 Spells                   Type           Power      Damage    Failure   Level
 Magic Dart               Conj           0%         1d3       99%         1
 Sting                    Tmut/Pois      0%         1d3       99%         1
 Call Imp                 Summ           0%         N/A       100%        2
 Poisonous Vapours        Pois/Air       0%         N/A       100%        2
 Mephitic Cloud           Conj/Pois/Air  0%         N/A       100%        3
 Stone Arrow              Conj/Erth      0%         3d7       100%        3
 Animate Armour           Summ/Erth      0%         N/A       100%        4
 Olgreb's Toxic Radiance  Pois           0%         N/A       100%        4
 Lehudib's Crystal Spear  Conj/Erth      0%         10d2      100%        8


Dungeon Overview and Level Annotations

Branches:
Dungeon (8/15)             Temple (1/1) D:6
   Lair: D:8-11

Altars:
Ashenzari
Cheibriados
Elyvilon
Fedhas
Gozag
Hepliaklqana
Kikubaaqudgha
Makhleb
Qazlal
Ru
Trog
Uskayaw
Vehumet
Wu Jian
Xom
Yredelemnul
Zin
The Shining One

Shops:
D:1 *   D:7 =

Annotations:
D:8 Grum


Innate Abilities, Weirdness & Mutations

You have razor-sharp toenails.
You are mostly covered in molten scales. (AC +3)
You regenerate a little health from kills.
You sometimes gain power by taking damage.


Message History

Grum points his finger and barks, "Attack!"
The wolf bites you but does no damage. x2
The wolf bites you! The wolf bites you but does no damage.
The wolf bites you but does no damage. The wolf bites you. The wolf bites you!
The wolf bites you but does no damage. The wolf bites you.
* * * LOW HITPOINT WARNING * * *
The wolf barely misses you. The wolf bites you but does no damage.
The wolf bites you.
* * * LOW HITPOINT WARNING * * *
There is a stone staircase leading up, spattered with blood here.
The wolf closely misses you. The wolf barely misses you.
The wolf bites you but does no damage.
You climb upwards.
There is a stone staircase leading down, spattered with blood here.
The wolf closely misses you. The wolf bites you but does no damage.
The wolf closely misses you.
You slash the wolf! Your kick misses the wolf.
The wolf is heavily wounded.
The wolf bites you but does no damage. The wolf closely misses you.
You hit the wolf.
The wolf is severely wounded.
The wolf bites you.
* * * LOW HITPOINT WARNING * * *
The wolf barely misses you.
You barely miss the wolf. Your kick misses the wolf.
The wolf is severely wounded.
The wolf closely misses you. The wolf bites you but does no damage.
You miss the wolf. You claw the wolf.
The wolf is almost dead.
The wolf bites you!
* * * LOW HITPOINT WARNING * * *
The wolf closely misses you.
You hit the wolf but do no damage.
The wolf is almost dead.
The wolf bites you!
You die...
Your body crumbles into a pile of gold.

#############
#.....[.....#
#...........##
#####............#
.................#
..##............@#
..'........#...#h##
..##....#####..#..#
######...#.....#.[#
.....'.........[>.#
######.....###.[..# #
#...### ###.## #
#############=#
####.............####


You could see a wolf.

Vanquished Creatures
  Pikel (D:7)
  Sigmund (D:3)
  3 wyverns
  A water moccasin (D:8)
  A sky beast (D:5)
  An orc warrior (Temple)
  2 ogres (D:4)
  A necrophage (D:7)
  3 phantoms
  A centaur (D:5)
  A lemure (D:7)
  A bullfrog (D:7)
  A scorpion (D:5)
  2 water moccasin skeletons (D:5)
  5 killer bees
  5 wights
  2 howler monkeys (D:7)
  A bullfrog zombie (D:5)
  2 hounds (D:6)
  A jelly (D:4)
  A bullfrog skeleton (D:5)
  2 orc priests (D:6)
  A centaur skeleton (D:7)
  Jessica (D:3)
  3 iguanas
  2 hound skeletons (D:5)
  A howler monkey zombie (D:4)
  Robin (D:2)
  7 adders
  A shadow imp (D:6)
  3 white imps
  2 ufetubi
  A worm (D:2)
  A dart slug (D:2)
  11 orcs
  7 ball pythons
  5 endoplasms
  5 giant cockroaches
  8 goblins
  9 hobgoblins
  3 jackals (D:1)
  9 kobolds
  4 quokkas
  6 bats
  2 frilled lizards (D:2)
  A quokka skeleton (D:4)
  6 rats
139 creatures vanquished.

Notes
Turn   | Place    | Note
-------+----------+-------------------------------------------
     0 | D:1      | siradein the Demonspawn Gladiator began the quest for the
                  | Orb.
     0 | D:1      | Reached XP level 1. HP: 16/16 MP: 1/1
   364 | D:1      | Gained mutation: You have sharp toenails. [demonic
                  | ancestry]
   364 | D:1      | Reached XP level 2. HP: 21/22 MP: 2/2
   837 | D:1      | Found Naos's General Store.
  1031 | D:2      | Gained mutation: You are partially covered in molten
                  | scales. (AC +2) [demonic ancestry]
  1031 | D:2      | Reached XP level 3. HP: 28/28 MP: 3/3
  1169 | D:2      | Noticed Robin
  1377 | D:2      | Killed Robin
  1513 | D:2      | Found a faded altar of an unknown god.
  1730 | D:2      | Gained mutation: You sometimes gain a little power by
                  | taking damage. [demonic ancestry]
  1730 | D:2      | Reached XP level 4. HP: 29/34 MP: 4/4
  2327 | D:3      | Noticed Sigmund
  2360 | D:3      | Killed Sigmund
  2361 | D:3      | Gained mutation: You regenerate a little health from kills.
                  | [demonic ancestry]
  2361 | D:3      | Reached XP level 5. HP: 35/41 MP: 5/5
  2490 | D:3      | Gained mutation: You sometimes gain power by taking damage.
                  | [demonic ancestry]
  2490 | D:3      | Reached XP level 6. HP: 41/47 MP: 6/6
  2788 | D:3      | Noticed Jessica
  2796 | D:3      | Killed Jessica
  3688 | D:4      | Reached XP level 7. HP: 43/54 MP: 7/7
  4312 | D:5      | Entered Level 5 of the Dungeon
  4385 | D:5      | Identified the +0 leather armour "Nalax" {+Blink}
  4819 | D:5      | Found a hide-covered altar of Uskayaw.
  5520 | D:5      | Reached skill level 5 in Fighting
  5520 | D:5      | Reached skill level 5 in Polearms
  5520 | D:5      | Reached skill level 5 in Dodging
  5520 | D:5      | Gained mutation: You are mostly covered in molten scales.
                  | (AC +3) [demonic ancestry]
  5520 | D:5      | Reached XP level 8. HP: 53/62 MP: 8/8
  6266 | D:6      | Found a staircase to the Ecumenical Temple.
  6275 | Temple   | Entered the Ecumenical Temple
  6613 | Temple   | Became a worshipper of Gozag Ym Sagoz the Greedy
  6634 | D:6      | Reached skill level 5 in Throwing
  6813 | D:6      | Found a broken altar of Ashenzari.
  7448 | D:6      | Found a shimmering altar of Xom.
  7448 | D:6      | Found a sacrificial altar of Ru.
  7455 | D:6      | Found an ancient bone altar of Kikubaaqudgha.
  7457 | D:6      | Found an ornate altar of the Wu Jian Council.
  7459 | D:6      | Found a burning altar of Makhleb.
  7823 | D:7      | Found a radiant altar of Vehumet.
  8012 | D:7      | Gained mutation: You have razor-sharp toenails. [demonic
                  | ancestry]
  8012 | D:7      | Reached XP level 9. HP: 68/69 MP: 9/9
  8158 | D:7      | Found a basalt altar of Yredelemnul.
  8254 | D:7      | Found Bosycaj's Jewellery Shoppe.
  9057 | D:7      | Reached skill level 1 in Evocations
  9215 | D:8      | Reached skill level 1 in Armour
  9236 | D:8      | Noticed Pikel
  9456 | D:7      | Killed Pikel
  9788 | D:8      | Noticed Grum
  9809 | D:7      | Slain by a wolf

Illustrated notes

Levels and vault maps discovered:
D:1:      sevenhm_arrival_forest_fort_large_3, layout_basic, serial_shops,
          shop_fountains, minmay_statues_item
D:2:      layout_loops_ring, dreamdust_ecumenical_altar_hidden_monk_grotto,
          chequers_arboretum, uniq_robin
D:3:      layout_basic, uniq_jessica, uniq_sigmund
D:4:      layout_basic
D:5:      layout_loops_corners, mainiacjoe_overflow_small_starburst,
          hangedman_abyss_or_decor_slice
D:6:      layout_rooms, lemuel_coloured_pillars_altar,
          chequers_temple_overflow_minitemple, minmay_temple_entry_hall
D:7:      layout_basic, mainiacjoe_overflow_catwalk_spiral, serial_shops, shop
D:8:      layout_cave_pools, mainiacjoe_overflow_surrounded_room, serial_shops,
          nicolae_shop_waterfront, hangedman_decor_slide_cut, uniq_grum,
          uniq_pikel
Temple:   compressed_dpeg_triangle_lava_temple

Skill      XL: |  1  2  3  4  5  6  7  8  9 |
---------------+----------------------------+-----
Throwing       | 2 3 4 5 6 |  6.1
Dodging        | 3 4 5 6 |  6.6
Polearms       | 3 4 5 6 |  6.5
Fighting       | 3 4 5 6 |  6.8
Evocations     | 2 |  2.3
Armour         | 2 |  2.1

Action                   |  1- 3 |  4- 6 |  7- 9 || total
-------------------------+-------+-------+-------++-------
Melee: Trident           |   134 |    97 |   414 ||   645
       Kick              |    20 |    23 |   116 ||   159
       Halberd           |       |       |    10 ||    10
 Fire: Hunting sling     |     2 |       |       ||     2
Throw: Dart              |       |    16 |    15 ||    31
  Use: Scroll            |       |       |     4 ||     4
Armor: Ring mail         |     6 |       |       ||     6
       Chain mail        |    85 |    49 |   247 ||   381
Dodge: Dodged            |    54 |    35 |   174 ||   263

Table legend: (Time is in decaauts)
 A = Elapsed time spent in this place.
 B = Non-inter-level travel time spent in this place.
 C = Inter-level travel time spent in this place.
 D = Time resting spent in this place.
 E = Time spent auto-exploring this place.
 F = Levels seen in this place.
 G = Mean time per level.
                   A        B        C        D        E       F      G
               +--------+--------+--------+--------+--------+-----+--------+
         Total |   9862 |   9673 |    189 |   1619 |   6239 |   9 | 1095.8 |
       Dungeon |   9157 |   8968 |    189 |   1355 |   5933 |   8 | 1144.6 |
        Temple |    704 |    704 |      0 |    264 |    306 |   1 |  704.0 |
               +--------+--------+--------+--------+--------+-----+--------+

Top non-repeatable levels by time:
     D:7: 2024 daAuts
     D:5: 1750 daAuts
     D:3: 1285 daAuts
     D:1: 1192 daAuts
     D:4: 977 daAuts
     D:2: 889 daAuts
     D:6: 728 daAuts
  Temple: 704 daAuts
     D:8: 309 daAuts
